 Dungeon Crawl Stone Soup version 0.27-a0-1136-g0b992a5a9d (webtiles) character file.

Game seed: 18366009607764920443

82 DarkShadow the Covered (level 4, -8/40 HPs)
             Began as a Minotaur Fighter on May 5, 2021.
             Mangled by Sigmund
             ... wielding a +0 scythe
              (10 damage)
             ... on level 3 of the Dungeon.
             The game lasted 00:02:58 (2012 turns).

DarkShadow the Covered (Minotaur Fighter)           Turns: 2012, Time: 00:03:00

Health: -8/40      AC:  7    Str: 22    XL:     4   Next: 21%
Magic:  3/3        EV:  7    Int:  5    God:
Gold:   111        SH: 10    Dex:  9    Spells: 3/3 levels left

rFire    . . .     SeeInvis .   a - +0 long sword
rCold    . . .     Faith    .   c - +1 kite shield
rNeg     . . .     Spirit   .   b - +0 scale mail
rPois    .         Reflect  .   (helmet restricted)
rElec    .         Harm     .   (no cloak)
rCorr    .         Rampage  .   (no gloves)
Will     .....                  (no boots)
Stlth    ..........             (no amulet)
HPRegen  0.13/turn              (no ring)
MPRegen  0.08/turn              (no ring)

@: flying
A: horns 2, retaliatory headbutt
a: no special abilities


You were on level 3 of the Dungeon.
You visited 1 branch of the dungeon, and saw 3 of its levels.

You collected 111 gold pieces.

Inventory:

Hand Weapons
 a - a +0 long sword (weapon)
Armour
 b - a +0 scale mail (worn)
 c - a +1 kite shield (worn)
Potions
 d - a potion of flight
 f - a potion of heal wounds {unknown}
 g - a potion of haste {unknown}


   Skills:
 + Level 4.1 Fighting
 + Level 3.2 Long Blades
 + Level 4.7 Armour
 + Level 0.8 Dodging
 + Level 4.2 Shields


You had 3 spell levels left.
You didn't know any spells.
Your spell library contained the following spells:

 Spells                   Type           Power      Damage    Failure   Level
 Magic Dart               Conj           0%         1d3       99%         1
 Searing Ray              Conj           0%         3d3       100%        2
 Dazzling Flash           Conj/Hex       0%         N/A       100%        3
 Fulminant Prism          Conj/Hex       0%         3d6       100%        4
 Iskenderun's Mystic Bla  Conj/Tloc      0%         2d3       100%        4


Dungeon Overview and Level Annotations

Branches:
Dungeon (3/15)

Altars:

Annotations:
D:3 Sigmund


Innate Abilities, Weirdness & Mutations

You have a pair of horns on your head.
You reflexively headbutt those who attack you in melee.


Message History

The quokka is heavily wounded.
You block the quokka's attack. Something hits you.
You miss the quokka.
The quokka is heavily wounded.
The quokka bites you. The rat closely misses you. You furiously retaliate!
You headbutt the rat.
You riposte.
You closely miss the rat. You headbutt the rat.
You kill the rat!
Something hits you but does no damage.
The quokka twitches its whiskers.
You block the quokka's attack. Something hits you.
You barely miss the quokka.
The quokka is heavily wounded.
The quokka bites you but does no damage.
Something hits you but does no damage. The quokka closely misses you.
You furiously retaliate!
You headbutt the quokka.
You kill the quokka!
Something hits you.
You see here a quokka corpse.
You block something's attack.
You slash something! Something hits you but does no damage.
You closely miss something. Your headbutt misses something. Something hits you.
Something hits you!
You miss something. Something hits you.
* * * LOW HITPOINT WARNING * * *
You barely miss something. You headbutt something.
You block something's attack. Something hits you!
* * * LOW HITPOINT WARNING * * *
You closely miss something. You headbutt something!
You block something's attack.
It was a potion of flight.
You feel very buoyant.
You fly up into the air.
Something hits you but does no damage.
You closely miss something. You headbutt something!
You hear a zap.
A puff of flame appears from out of thin air!
The puff of flame hits you.
* * * LOW HITPOINT WARNING * * *
Something hits you!
You die...

#.# ### #.# #..
###.# #.# ### ..#.#
#.######.## #.#.#
#.........#
#.#.###...####.##
###.#.##...#.###.###
#...........#..†@..#
#.....##..#..#.#{#.#
###.#####.#.##.#...#
###.# #............
#.<.#
#.###..........
##### #.#
#.###.#.... #.# #.#
.#.##. .. .. .. .


There were no monsters in sight!

Vanquished Creatures
  3 adders (D:2)
  3 worms (D:2)
  A dart slug (D:2)
  5 bats
  4 endoplasms
  2 giant cockroaches (D:2)
  3 goblins
  3 hobgoblins
  3 jackals (D:2)
  A quokka (D:3)
  7 ball pythons
  2 frilled lizards
  3 kobolds
  3 rats
43 creatures vanquished.

Vanquished Creatures (others)
  An endoplasm (D:2)
1 creature vanquished.

Grand Total: 44 creatures vanquished

Notes
Turn   | Place    | Note
-------+----------+-------------------------------------------
     0 | D:1      | DarkShadow the Minotaur Fighter began the quest for the
                  | Orb.
     0 | D:1      | Reached XP level 1. HP: 19/19 MP: 0/0
   492 | D:1      | Reached XP level 2. HP: 27/27 MP: 1/1
   989 | D:2      | Reached XP level 3. HP: 9/33 MP: 2/2
  1507 | D:2      | Reached XP level 4. HP: 37/40 MP: 3/3
  1997 | D:3      | Noticed Sigmund
  2012 | D:3      | HP: 2/40 [something/puff of flame (2)]
  2012 | D:3      | Mangled by Sigmund

Illustrated notes

Levels and vault maps discovered:
D:1:      minmay_arrival_jagged, layout_basic
D:2:      layout_rooms, grunt_ministairs_11
D:3:      layout_loops_ring, hellmonk_ecumenical_altar_inner_sanctum,
          ebering_ghost_disaster_area, st_stairs_6, uniq_sigmund,
          uniq_crazy_yiuf_cottage, uniq_ijyb, uniq_jessica

Skill      XL: |  1  2  3 |
---------------+----------+-----
Shields        | 4 |  4.2
Fighting       | 4 |  4.1
Armour         | 4 |  4.7
Long Blades    | 3 |  3.2
Dodging        | |  0.8

Action                   |  1- 3 |  4- 6 || total
-------------------------+-------+-------++-------
Melee: Long sword        |    65 |    27 ||    92
       Headbutt          |    16 |     9 ||    25
  Use: Scroll            |     3 |     2 ||     5
       Potion            |     1 |     1 ||     2
Armor: Scale mail        |    41 |    14 ||    55
Dodge: Dodged            |    28 |     8 ||    36
Block: Kite shield       |    38 |    18 ||    56
       Rpst.: Long sword |     7 |     4 ||    11

Table legend: (Time is in decaauts)
 A = Elapsed time spent in this place.
 B = Non-inter-level travel time spent in this place.
 C = Inter-level travel time spent in this place.
 D = Time resting spent in this place.
 E = Time spent auto-exploring this place.
 F = Levels seen in this place.
 G = Mean time per level.
                   A        B        C        D        E       F      G
               +--------+--------+--------+--------+--------+-----+--------+
         Total |   2055 |   2019 |     36 |    202 |   1529 |   3 |  685.0 |
       Dungeon |   2055 |   2019 |     36 |    202 |   1529 |   3 |  685.0 |
               +--------+--------+--------+--------+--------+-----+--------+

Top non-repeatable levels by time:
     D:2: 1094 daAuts
     D:1: 922 daAuts
     D:3: 38 daAuts
